 Dungeon Crawl Stone Soup version 0.30-a0-722-g3e6e8c874d (webtiles) character file.

Game seed: 463318619972272180

35 IdlyInterested the Trooper (level 3, -1/29 HPs)
             Began as a Demonspawn Fighter on Jan 27, 2023.
             Slain by a worm (9 damage)
             ... on level 2 of the Dungeon.
             The game lasted 00:03:59 (1398 turns).

IdlyInterested the Trooper (Demonspawn Fighter)     Turns: 1398, Time: 00:03:59

Health: -1/29      AC:  2    Str: 16    XL:     3   Next: 17%
Magic:  3/3        EV: 10    Int:  9    God:
Gold:   105        SH:  4    Dex: 14    Spells: 2/2 levels left

rFire   + . .      SeeInvis .    a - +0 rapier
rCold   . . .      Faith    .    c - +0 buckler
rNeg    . . .      Spirit   .    e - +0 robe {rF+}
rPois   .          Reflect  .    (helmet restricted)
rElec   .          Harm     .    (no cloak)
rCorr   .          Rampage  .    (no gloves)
Will    .....                    (no boots)
Stlth   +                        (no amulet)
HPRegen 0.24/turn                (no ring)
MPRegen 0.08/turn                (no ring)

@: no status effects
A: antennae 1
a: no special abilities


You were on level 2 of the Dungeon.
You visited 1 branch of the dungeon, and saw 2 of its levels.

You collected 105 gold pieces.

Inventory:

Hand Weapons
 a - a +0 rapier (weapon)
 j - a +0 dagger of draining
Missiles
 g - 12 stones (quivered)
Armour
 b - a +0 scale mail
 c - a +0 buckler (worn)
 e - a +0 robe of fire resistance (worn)
 k - a +0 ring mail
Scrolls
 f - a scroll of magic mapping {unknown}
 h - 4 scrolls of identify
 l - a scroll of fear {unknown}
Potions
 d - 2 potions of might
 i - a potion of berserk rage


   Skills:
 - Level 3.0 Fighting
 * Level 2.9 Short Blades
 - Level 3.0 Armour
 + Level 2.8 Shields


You had 2 spell levels left.
You didn't know any spells.
Your spell library contained the following spells:

 Spells                   Type           Power      Damage    Failure   Level
 Apportation              Tloc           0%         N/A       47%         1
 Alistair's Intoxication  Tmut/Pois      0%         N/A       100%        5


Dungeon Overview and Level Annotations

Branches:
Dungeon (2/15)

Altars:


Innate Abilities, Weirdness & Mutations

You have a pair of small antennae on your head.


Message History

The hobgoblin hits you.
You barely miss the hobgoblin.
The hobgoblin is heavily wounded.
The hobgoblin closely misses you.
You barely miss the hobgoblin.
The hobgoblin is heavily wounded.
The hobgoblin hits you.
You hit the hobgoblin.
You kill the hobgoblin!
A worm comes into view.
Found 14 gold pieces.
The worm completely misses you.
You hit the worm but do no damage. You hit the worm but do no damage.
The worm bites you.
You hit the worm.
The worm is moderately wounded.
The worm bites you.
You hit the worm but do no damage.
The worm is moderately wounded.
You barely miss the worm.
The worm is moderately wounded.
The worm bites you!
You hit the worm.
The worm is heavily wounded.
The worm bites you.
* * * LOW HITPOINT WARNING * * *
You hit the worm but do no damage.
The worm is heavily wounded.
You hit the worm.
The worm is heavily wounded.
The worm barely misses you.
You hit the worm.
The worm is severely wounded.
You barely miss the worm.
The worm is severely wounded.
The worm closely misses you.
You hit the worm.
The worm is almost dead.
The worm bites you!
You die...

#.#
#.......###.......#
#.#
#.......##.....####
..#
#.......##.#####
.## #.......##.# ..
##########.#
.$.###### #.#
........# #.#
......#w# #.# #..@#
#.# ###.#######.#
#.........#
#......#########
########


You could see a worm.

Vanquished Creatures
  A dart slug (D:2)
  6 endoplasms (D:1)
  2 giant cockroaches
  2 goblins
  A hobgoblin (D:2)
  A quokka (D:1)
  5 ball pythons
  3 bats (D:1)
  3 frilled lizards
  3 kobolds (D:1)
  4 rats (D:1)
31 creatures vanquished.

Notes
Turn   | Place    | Note
-------+----------+-------------------------------------------
     0 | D:1      | IdlyInterested the Demonspawn Fighter began the quest for
                  | the Orb.
     0 | D:1      | Reached XP level 1. HP: 18/18 MP: 1/1
   177 | D:1      | Gained mutation: You have a pair of small antennae on your
                  | head. [demonic ancestry]
   177 | D:1      | Reached XP level 2. HP: 24/24 MP: 2/2
  1147 | D:2      | Reached XP level 3. HP: 21/29 MP: 3/3
  1398 | D:2      | Slain by a worm

Illustrated notes

Levels and vault maps discovered:
D:1:      dpeg_arrival_rooms_with_view, layout_basic
D:2:      layout_loops_cross, corexii_hall_statues_s, chequers_hall_statues_y,
          uniq_terence, uniq_jessica

Skill      XL: |  1  2 |
---------------+-------+-----
Short Blades   | 2 |  2.9
Armour         | 3 |  3.0
Fighting       | |  3.0
Shields        | |  2.8

Action                     || total
---------------------------++-------
  Melee: Rapier            ||   100
    Use: Scroll            ||     2
   Stab: Sleeping          ||     1
 Armour: Scale mail        ||     6
         Robe              ||    14
  Dodge: Dodged            ||    40
  Block: Buckler           ||    10

Table legend: (Time is in decaauts)
 A = Elapsed time spent in this place.
 B = Non-inter-level travel time spent in this place.
 C = Inter-level travel time spent in this place.
 D = Time resting spent in this place.
 E = Time spent auto-exploring this place.
 F = Levels seen in this place.
 G = Mean time per level.
                   A        B        C        D        E       F      G
               +--------+--------+--------+--------+--------+-----+--------+
         Total |   1410 |   1348 |     62 |    150 |    830 |   2 |  705.0 |
       Dungeon |   1410 |   1348 |     62 |    150 |    830 |   2 |  705.0 |
               +--------+--------+--------+--------+--------+-----+--------+

Top non-repeatable levels by time:
     D:1: 1130 daAuts
     D:2: 280 daAuts
